 Dungeon Crawl Stone Soup version 0.25-a0-523-g9afb2ee040 (webtiles) character file.

Game seed: 6425332551038541044, levelgen mode: deterministic

1275 Flugslaktarn the Chopper (level 8, -3/73 HPs)
             Began as a Deep Dwarf Fighter on Feb 18, 2020.
             Killed from afar by an orc wizard (11 damage)
             ... with a magic dart
             ... on level 6 of the Dungeon.
             The game lasted 00:01:28 (1999 turns).

Flugslaktarn the Chopper (Deep Dwarf Fighter)       Turns: 1999, Time: 00:01:29

Health: -3/73      AC:  7    Str: 22    XL:     8   Next: 28%
Magic:  7/7        EV:  8    Int:  9    God:
Gold:   280        SH: 10    Dex: 12    Spells: 7/7 levels left

rFire    . . .     SeeInvis .   a - +0 war axe
rCold    . . .     Gourm    +   c - +0 kite shield
rNeg     . . .     Faith    .   b - +0 scale mail
rPois    .         Spirit   .   (no helmet)
rElec    .         Reflect  .   (no cloak)
rCorr    .         Harm     .   (no gloves)
MR       +....                  (no boots)
Stlth    ..........             f - amulet of the gourmand
HPRegen  0.00/turn              (no ring)
MPRegen  0.10/turn              (no ring)

@: non-regenerating
A: damage resistance, heal wounds, sense surroundings 1, no regeneration
a: Heal Wounds


You were on level 6 of the Dungeon.
You were very full.

You visited 2 branches of the dungeon, and saw 7 of its levels.

You collected 280 gold pieces.

Inventory:

Hand Weapons
 a - a +0 war axe (weapon)
Armour
 b - a +0 scale mail (worn)
 c - a +0 kite shield (worn)
Jewellery
 f - an amulet of the gourmand (around neck)
   (You found it on level 4 of the Dungeon)
Wands
 v - a wand of digging (2)
   (You found it on level 5 of the Dungeon)
Scrolls
 g - 2 scrolls of remove curse {unknown}
 i - a scroll of fog {unknown}
 j - 3 scrolls of identify {unknown}
 k - a scroll of enchant weapon {unknown}
 m - a scroll of blinking {unknown}
 n - a scroll of random uselessness {unknown}
 o - a scroll of enchant armour {unknown}
Potions
 d - a potion of might
 h - 2 potions of lignification {unknown}
 l - a potion of stabbing {unknown}
 p - a potion of magic {unknown}
 q - a potion of flight {unknown}
 r - a potion of haste {unknown}
 s - a potion of heal wounds {unknown}
Comestibles
 e - 3 rations


   Skills:
 + Level 4.8 Fighting
 * Level 7.2 Axes
 + Level 5.9 Armour
 + Level 5.9 Shields


You had 7 spell levels left.
You didn't know any spells.
Your spell library was empty.

Dungeon Overview and Level Annotations

Branches:
Dungeon (6/15)             Temple (1/1) D:6

Altars:
Ashenzari
Fedhas
Gozag
Hepliaklqana
Okawaru
Sif Muna
Trog
Uskayaw
Vehumet
Wu Jian
Xom
Yredelemnul

Shops:
D:5 [


Innate Abilities, Weirdness & Mutations

You are resistant to damage.
You can heal yourself by infusing magical energy.
You passively map a small area around you.
You do not regenerate.


Message History

You are too injured to fight recklessly!
You closely miss something. You barely miss the iguana.
You closely miss the bullfrog. You barely miss something. You hit the orc.
You kill the orc!
You slash the hound skeleton! You hit the orc wizard.
The orc wizard closely misses you. The bullfrog hits you!
* * * LOW HITPOINT WARNING * * *
The hound skeleton bites you. You block something's attack.
Something hits you but does no damage. The iguana bites you.
* * * LOW HITPOINT WARNING * * *
You block the orc wizard's attack. The bullfrog hits you.
* * * LOW HITPOINT WARNING * * *
You hit something but do no damage. You barely miss the orc wizard.
You hit the hound skeleton. You hit something but do no damage.
You hit the bullfrog. You hit the iguana.
You kill the iguana!
The hound skeleton closely misses you.
The orc wizard points at you and mumbles some strange words.
The magic dart hits you!
You die...

, #.# ....... * #.#+# *
....... #.... .......
#.... * *.......
######....
.......#####......# ###
..........##......# #..
......{aZ.##......####..
......F@o.##......').'..
.......){(##......####..
######....(!......# #..
#......(#########..
#.......# #.......
#....#### #.......
#..>.# #....... ######
######.. ###..


You could see a bullfrog, a worker ant, an orc wizard and a hound skeleton.

Vanquished Creatures
  An orc warrior (D:6)
  A sky beast (D:6)
  3 ogres
  A centaur (D:6)
  A bullfrog (D:6)
  2 scorpions
  A howler monkey (D:4)
  A crimson imp (D:5)
  A jelly (D:5)
  4 orc wizards (D:6)
  2 orc priests (D:6)
  A hound (D:6)
  An iguana (D:6)
  4 worker ants
  2 hound skeletons
  6 gnolls
  5 adders
  A worm (D:4)
  2 leopard geckos
  12 orcs
  2 giant cockroaches
  A goblin (D:1)
  4 hobgoblins
  4 bats
  4 frilled lizards
  A jackal skeleton (D:4)
  2 rats
70 creatures vanquished.

Notes
Turn   | Place    | Note
-------+----------+-------------------------------------------
     0 | D:1      | Flugslaktarn the Deep Dwarf Fighter began the quest for the
                  | Orb.
     0 | D:1      | Reached XP level 1. HP: 20/20 MP: 1/1
   155 | D:2      | Reached XP level 2. HP: 18/27 MP: 2/2
   430 | D:4      | Noticed a scorpion
   438 | D:4      | Killed a scorpion
   438 | D:4      | Reached skill level 3 in Axes
   438 | D:4      | Reached XP level 3. HP: 27/34 MP: 3/3
   438 | D:4      | Reached XP level 4. HP: 34/42 MP: 4/4
   539 | D:4      | Reached skill level 4 in Axes
   539 | D:4      | Reached XP level 5. HP: 21/49 MP: 5/5
   576 | D:4      | Noticed an ogre
   585 | D:4      | Killed an ogre
   636 | D:4      | Found a shimmering altar of Xom.
   761 | D:4      | Reached XP level 6. HP: 33/56 MP: 6/6
  1049 | D:4      | Reached skill level 5 in Axes
  1093 | D:5      | Entered Level 5 of the Dungeon
  1129 | D:5      | Found Bato Syuv's Antique Armour Emporium.
  1220 | D:5      | Found an opulent altar of Gozag.
  1316 | D:5      | Reached XP level 7. HP: 57/64 MP: 7/7
  1358 | D:5      | Reached skill level 5 in Armour
  1417 | D:5      | Reached skill level 5 in Shields
  1551 | D:6      | Reached skill level 6 in Axes
  1616 | D:6      | Found a staircase to the Ecumenical Temple.
  1679 | Temple   | Entered the Ecumenical Temple
  1913 | D:6      | Reached XP level 8. HP: 31/73 MP: 8/8
  1922 | D:6      | Reached skill level 7 in Axes
  1999 | D:6      | Killed from afar by an orc wizard

Levels and vault maps discovered:
D:1:      ncdulo_wetmaze, layout_basic, minmay_pentomino_u2
D:2:      layout_basic, overflow_temple_1_default, first_ration, tgw_trog
D:3:      layout_loops_ring, cheibriados_altar_1,
          chequers_temple_overflow_minitemple
D:4:      layout_loops_cross, tgw_xom, minmay_stone_trees_medium
D:5:      layout_cave_pools, grunt_gozag_breadcrumbs, serial_shops,
          kennysheep_mini
D:6:      layout_basic, minmay_temple_entry_sparse_star
Temple:   jpeg_temple_alley_garden

Skill      XL: |  1  2  3  4  5  6  7  8 |
---------------+-------------------------+-----
Fighting       | 3 4 |  4.8
Axes           | 3 4 5 6 7 |  7.2
Shields        | 4 5 |  5.9
Armour         | 4 5 |  5.9

Action                   |  1- 3 |  4- 6 |  7- 9 || total
-------------------------+-------+-------+-------++-------
Melee: War axe           |    59 |   109 |   109 ||   277
 Abil: Heal Wounds       |     1 |     4 |    12 ||    17
  Eat: Chunk             |       |    21 |     2 ||    23
Armor: Scale mail        |    37 |    33 |    75 ||   145
Dodge: Dodged            |    27 |    43 |    50 ||   120
Block: Kite shield       |    27 |    49 |    82 ||   158

Table legend:
 A = Non-vault XP
 B = Vault XP
 C = Vault XP percentage of total XP
 D = Non-vault monster count
 E = Vault monster count
 F = Vault count percentage of total count
                 A         B        C        D         E       F
            +---------+---------+-------+---------+---------+-------
      Total |    1813 |       9 |   0.5 |      65 |       5 |   7.1
            +---------+---------+-------+---------+---------+-------
        D:1 |      11 |       0 |   0.0 |       8 |       0 |   0.0
        D:2 |       6 |       0 |   0.0 |       3 |       0 |   0.0
        D:4 |     463 |       9 |   1.9 |      19 |       5 |  20.8
        D:5 |     366 |       0 |   0.0 |       8 |       0 |   0.0
        D:6 |     967 |       0 |   0.0 |      27 |       0 |   0.0
            +---------+---------+-------+---------+---------+-------
